 Dungeon Crawl Stone Soup version 0.29.0-13-gc9e81de378 (webtiles) character file.

Game seed: 2649106449943089022

15031 freelancePsychic the Marksmeteoran (level 12, 0/110 HPs)
             Began as a Meteoran Gladiator on Sept 10, 2022.
             Was a High Priest of Okawaru.
             Slain by a dream sheep (7 damage)
             ... on level 3 of the Lair of Beasts.
             The game lasted 00:25:33 (3400 turns).

freelancePsychic the Marksmeteoran (MeGl)           Turns: 3400, Time: 00:25:33

Health: 0/110      AC: 21    Str: 16    XL:     12   Next: 88%
Magic:  0/18       EV: 17    Int: 11    God:    Okawaru [*****.]
Gold:   335        SH:  0    Dex: 24    Spells: 11/11 levels left

rFire   + . .      SeeInvis +   a - +0 hand crossbow (freeze)
rCold   + . .      Faith    .   (no shield)
rNeg    + . .      Spirit   +   f - +3 swamp dragon scales
rPois   +          Reflect  .   H - +2 helmet of the Lich-sworn {rF+ rC+ rN+ Str-2}
rElec   .          Harm     .   (no cloak)
rCorr   .          Rampage  .   n - +0 pair of gloves
Will    +....                   y - +2 pair of boots {Fly}
Stlth   +.........              d - amulet of guardian spirit
HPRegen 0.28/turn               o - ring of see invisible
MPRegen 0.16/turn               K - +6 ring of dexterity

@: heroic, flying, glowing
A: sense surroundings 2, otherworldly, glowing, explore regen, iridescent scales
1
a: Renounce Religion, Heroism, Finesse, Duel


You were on level 3 of the Lair of Beasts.
You worshipped Okawaru.
Okawaru was extremely pleased with you.
You visited 3 branches of the dungeon, and saw 15 of its levels.
You also visited: Bailey.

You collected 336 gold pieces.
You spent 1 gold pieces at shops.

Inventory:

Hand Weapons
 a - a +0 hand crossbow of freezing (weapon)
 b - a +0 flail of holy wrath
 u - a +0 flail
 D - the +6 triple crossbow "Zokhuc" {elec, +Blink rCorr Dex-4}
   (Okawaru gifted it to you on level 10 of the Dungeon)

   Any ammunition fired from it occasionally discharges a powerful burst of
   electricity upon striking a foe.
   Dex:       It affects your dexterity (-4).
   +Blink:    It lets you blink.
   rCorr:     It protects you from acid and corrosion.
Missiles
 e - 15 boomerangs
 g - 4 silver javelins
 r - a curare-tipped dart
 s - 6 datura-tipped darts
 v - 15 poisoned darts
 w - a javelin
Armour
 c - a +1 helmet
 f - +3 swamp dragon scales (worn)
 n - a +0 pair of gloves (worn)
 y - a +2 pair of boots of flying (worn)
 B - a +0 kite shield
 H - the +2 helmet of the Lich-sworn (worn) {rF+ rC+ rN+ Str-2}
   (Okawaru gifted it to you on level 1 of the Lair of Beasts)

   Str:       It affects your strength (-2).
   rF:        It protects you from fire.
   rC:        It protects you from cold.
   rN:        It protects you from negative energy.
Jewellery
 d - an amulet of guardian spirit (around neck)
 h - a ring of fire
 o - a ring of see invisible (left hand)
 E - the ring of the Solstice {rElec rC- Will+ rCorr Str+2}
   (You found it on level 8 of the Dungeon)

   [ring of willpower]

   Str:       It affects your strength (+2).
   rC:        It makes you vulnerable to cold.
   rElec:     It insulates you from electricity.
   rCorr:     It protects you from acid and corrosion.
   Will:      It increases your willpower.
 K - a +6 ring of dexterity (right hand)
Wands
 C - a wand of flame (8)
 I - a wand of acid (5)
Scrolls
 q - a scroll of blinking
 F - a scroll of noise {unknown}
 G - a scroll of immolation {unknown}
 J - a scroll of identify {@r1}
Potions
 i - 2 potions of haste {@q3}
 j - a potion of invisibility
 k - a potion of magic {unknown}
 l - 2 potions of cancellation
 m - a potion of brilliance {unknown}
 p - 2 potions of lignification
 t - a potion of ambrosia {unknown}
 x - 3 potions of flight
Miscellaneous
 z - a lightning rod (4/4)
 A - a phial of floods


   Skills:
 - Level 11.2(16.2) Fighting
 - Level 8.5(13.5) Maces & Flails
 * Level 15.2(20.2) Ranged Weapons
 - Level 5.4(10.4) Throwing
 - Level 3.6(8.6) Dodging
 - Level 1.3 Poison Magic
 - Level 7.1 Invocations


You had 11 spell levels left.
You didn't know any spells.
Your spell library contained the following spells:

 Spells                   Type           Power      Damage    Failure   Level
 Sting                    Tmut/Pois      4%         1d3       45%         1
 Poisonous Vapours        Pois/Air       2%         N/A       58%         2
 Gell's Gravitas          Tloc           0%         N/A       88%         3
 Lesser Beckoning         Tloc           0%         N/A       88%         3
 Teleport Other           Tloc           0%         N/A       88%         3
 Olgreb's Toxic Radiance  Pois           2%         N/A       98%         4
 Fireball                 Conj/Fire      0%         3d3       100%        5
 Iskenderun's Battlesphe  Conj           0%         2d6       100%        5
 Conjure Ball Lightning   Conj/Air       0%         3x3d6     100%        6
 Orb of Destruction       Conj           0%         9d5       100%        7


Dungeon Overview and Level Annotations

Branches:
Dungeon (11/15) Zot: 4180  Temple (1/1) D:4 Zot: 466    Lair (3/5) D:11 Zot: 1171
 Spider (0/4) Lair:2       Bailey (visited)
  Swamp: Lair:2-3    Shoals: Lair:2-3       Orc: D:9-12

Altars:
Fedhas
Okawaru
Qazlal
Sif Muna
Trog
Yredelemnul
The Shining One

Shops:
D:7 *

Annotations:
D:8 Grum
D:10 1 runed translucent door, miserystealer's ghost, journeyman HOFi
Lair:3 Nessos


Innate Abilities, Weirdness & Mutations

You passively map the area around you.
You are easily found by Zot.
You glow in the dark.
You regain HP and MP as you explore.
You are partially covered in iridescent scales. (AC +2)


Message History

* * * LOW HITPOINT WARNING * * *
Fire: a) +0 hand crossbow (freeze)
Press: ? - help, Shift-Dir - straight line, f/p - dream sheep
Aim: a dream sheep (74% to hit)
You shoot a bolt. The bolt hits the dream sheep!!
The bolt freezes the dream sheep!
You kill the dream sheep!
Okawaru accepts your kill.
The dream sheep bites you but does no damage.
The dream sheep bites you.
* * * LOW HITPOINT WARNING * * *
The dream sheep misses you. The dream sheep closely misses you.
Fire: a) +0 hand crossbow (freeze)
Press: ? - help, Shift-Dir - straight line, f - dream sheep
Aim: a dream sheep (74% to hit)
You shoot a bolt. The bolt barely misses the dream sheep.
The dream sheep bites you but does no damage. x2
Fire: a) +0 hand crossbow (freeze)
Press: ? - help, Shift-Dir - straight line, f/p - dream sheep
Aim: a dream sheep (74% to hit)
You shoot a bolt. The bolt hits the dream sheep!
The bolt freezes the dream sheep.
The dream sheep is heavily wounded.
The dream sheep ruffle their wool and motes of dream dust sparkle, to no effect.
The dream sheep bites you!
* * * LOW HITPOINT WARNING * * *
Okay, then.
You gain the combat prowess of a mighty hero.
The dream sheep shake their wool and sparkle.
You feel drowsy...
You fall asleep.
The dream sheep bites you!!
You wake up.
* * * LOW HITPOINT WARNING * * *
Fire: a) +0 hand crossbow (freeze)
Press: ? - help, Shift-Dir - straight line, f/p - dream sheep
Aim: a dream sheep (heavily wounded, 77% to hit)
You shoot a bolt.
The bolt completely misses the dream sheep.
The dream sheep bites you but does no damage.
The dream sheep bites you!
You die...

, , , #... , , #.#.... ,
,* ##... * * *#......* *
#.... * * ##.....P #....
, *#......##### #####....
,
.#......P##.####..##....
,
........................
, ,
.......YY........[......
,.......@†...............
,
........................
,
........................
, ,
*.#######....#####.##.#..
, ###### #.###### ,,,, *
* ### , ,** * * * * , *
,, ,, , , ,, , ,, , ,, ,
, , , ,


You could see 2 dream sheep.

Vanquished Creatures
  Gastronok (Lair:2)
  A centaur warrior (D:10)
  A hydra (Lair:1)
  2 two-headed ogres
  Pikel (D:7)
  A black mamba (Lair:2)
  A smoke demon (D:10)
  3 cane toads
  A hellwing (D:10)
  3 komodo dragons
  An ice devil (D:10)
  2 red devils (D:10)
  3 trolls
  4 dream sheep (Lair:3)
  2 wraiths (D:10)
  A wyvern (D:8)
  A neqoxec (D:10)
  12 yaks
  2 acid dragons
  3 water moccasins
  6 orc warriors
  A sky beast (D:7)
  A black bear (Lair:2)
  4 wolves
  3 centaurs
  2 lemures (D:7)
  3 kobold brigands
  6 bullfrogs
  A necrophage (D:6)
  A gnoll sergeant (D:8)
  3 scorpions
  3 wights (D:8)
  9 killer bees
  3 electric eels (D:11)
  A quasit (D:10)
  A gnoll bouda (D:8)
  4 hounds
  A jelly (D:7)
  5 orc priests
  3 iguanas
  2 orc wizards
  11 gnolls
  2 adders (D:5)
  An ufetubus (D:5)
  25 orcs
  6 bats
  3 bat zombies (D:7)
  An endoplasm (D:2)
  A giant cockroach (D:2)
  4 goblins (D:7)
  3 hobgoblins
  3 jackals
  25 kobolds
  A quokka (D:2)
  3 ball pythons
  A frilled lizard (D:2)
199 creatures vanquished.

Vanquished Creatures (collateral kills)
  4 orc warriors (Bailey)
  2 gnolls (Bailey)
  An orc (Bailey)
  A goblin (Bailey)
  A hobgoblin (Bailey)
9 creatures vanquished.

Vanquished Creatures (others)
  3 demonic plants (D:10)
  4 fungi
7 creatures vanquished.

Grand Total: 215 creatures vanquished

Notes
Turn   | Place    | Note
-------+----------+-------------------------------------------
     0 | D:1      | freelancePsychic the Meteoran Gladiator began the quest for
                  | the Orb.
     0 | D:1      | Reached XP level 1. HP: 17/17 MP: 2/2
   105 | D:2      | Reached XP level 2. HP: 25/25 MP: 3/3
   222 | D:1      | Found a faded altar of an unknown god.
   296 | D:3      | Reached skill level 1 in Poison Magic
   301 | D:3      | Reached XP level 3. HP: 25/30 MP: 4/4
   446 | D:4      | Found a staircase to the Ecumenical Temple.
   456 | Temple   | Entered the Ecumenical Temple
   529 | Temple   | Became a worshipper of Warmaster Okawaru
   597 | D:4      | Reached skill level 5 in Maces & Flails
   597 | D:4      | Reached skill level 1 in Invocations
   597 | D:4      | Reached XP level 4. HP: 21/38 MP: 5/5
   626 | D:4      | Noticed a scorpion
   648 | D:4      | Killed a scorpion
   648 | D:4      | Reached * piety under Okawaru
   649 | D:4      | Reached XP level 5. HP: 25/45 MP: 5/7
   719 | D:5      | Entered Level 5 of the Dungeon
   814 | D:5      | Noticed a centaur
   832 | D:5      | Killed a centaur
   833 | D:5      | Reached XP level 6. HP: 30/52 MP: 6/9
   842 | D:5      | HP: 2/52 [scorpion (2)]
   976 | D:5      | Reached XP level 7. HP: 58/58 MP: 10/10
  1399 | D:7      | Reached ** piety under Okawaru
  1400 | D:7      | Reached XP level 8. HP: 18/67 MP: 11/11
  1409 | D:7      | Found a bloodstained altar of Trog.
  1501 | D:7      | Reached skill level 5 in Fighting
  1503 | D:7      | Found Awyps's Lightly-Used Armoury.
  1511 | D:7      | Bought a -1 hand crossbow for 1 gold piece
  1532 | D:7      | Reached skill level 1 in Ranged Weapons
  1532 | D:7      | Reached skill level 5 in Throwing
  1563 | D:7      | Found a flagged portal.
  1572 | Bailey   | Entered a bailey
  1605 | Bailey   | Reached skill level 2 in Ranged Weapons
  1680 | Bailey   | Reached skill level 3 in Ranged Weapons
  1680 | Bailey   | Gained mutation: You passively map the area around you.
                  | [Meteoran growth]
  1680 | Bailey   | Reached XP level 9. HP: 22/74 MP: 10/12
  1722 | Bailey   | Reached skill level 4 in Ranged Weapons
  1724 | Bailey   | Reached *** piety under Okawaru
  1725 | Bailey   | Reached skill level 5 in Ranged Weapons
  1856 | D:7      | Reached skill level 6 in Ranged Weapons
  1857 | D:7      | Noticed Pikel
  1870 | D:7      | Killed Pikel
  1870 | D:7      | Received a gift from Okawaru
  1871 | D:7      | Reached skill level 7 in Ranged Weapons
  1933 | D:8      | Noticed Grum
  1971 | D:8      | Reached XP level 10. HP: 39/86 MP: 10/13
  2011 | D:8      | Noticed a two-headed ogre
  2018 | D:8      | Killed a two-headed ogre
  2018 | D:8      | Reached **** piety under Okawaru
  2019 | D:8      | Reached skill level 8 in Ranged Weapons
  2044 | D:8      | Reached skill level 9 in Ranged Weapons
  2216 | D:8      | Identified the ring of the Solstice {rElec rC- Will+ rCorr
                  | Str+2}
  2273 | D:10     | Entered Level 10 of the Dungeon
  2274 | D:10     | Noticed a smoke demon
  2281 | D:10     | Killed a smoke demon
  2281 | D:10     | Received a gift from Okawaru
  2282 | D:10     | Reached skill level 5 in Invocations
  2302 | D:10     | Gained mutation: You are partially covered in iridescent
                  | scales. (AC +2) [a neqoxec]
  2312 | D:10     | Reached skill level 10 in Ranged Weapons
  2322 | D:10     | Noticed a hellwing
  2322 | D:10     | Noticed an ice devil
  2334 | D:10     | Killed an ice devil
  2335 | D:10     | Reached XP level 11. HP: 20/95 MP: 9/16
  2434 | D:10     | Found a runed translucent door.
  2434 | D:10     | Noticed miserystealer's ghost (journeyman HOFi)
  2440 | D:9      | Reached ***** piety under Okawaru
  2453 | D:10     | Reached skill level 11 in Ranged Weapons
  2503 | D:10     | Identified the +6 triple crossbow "Zokhuc" {elec, +Blink
                  | rCorr Dex-4} (Okawaru gifted it to you on level 10 of the
                  | Dungeon)
  2503 | D:10     | Received a gift from Okawaru
  2562 | D:10     | Noticed a two-headed ogre
  2567 | D:10     | Killed a two-headed ogre
  2568 | D:10     | Reached skill level 10 in Fighting
  2569 | D:10     | Reached skill level 12 in Ranged Weapons
  2569 | D:10     | Noticed a centaur warrior
  2590 | D:10     | Killed a centaur warrior
  2753 | D:11     | Reached XP level 12. HP: 107/107 MP: 16/18
  2768 | D:11     | Found a staircase to the Lair.
  2780 | D:11     | Reached skill level 13 in Ranged Weapons
  2787 | Lair:1   | Entered Level 1 of the Lair of Beasts
  2839 | Lair:1   | Found a shimmering blue altar of Sif Muna.
  2927 | Lair:1   | Noticed a six-headed hydra
  2939 | Lair:1   | Killed a six-headed hydra
  2939 | Lair:1   | Identified the +2 helmet of the Lich-sworn {rF+ rC+ rN+
                  | Str-2} (Okawaru gifted it to you on level 1 of the Lair of
                  | Beasts)
  2939 | Lair:1   | Received a gift from Okawaru
  3083 | Lair:2   | Found a hole to the Spider Nest.
  3135 | Lair:2   | Reached skill level 14 in Ranged Weapons
  3176 | Lair:2   | Noticed Gastronok
  3187 | Lair:2   | Killed Gastronok
  3237 | Lair:3   | Noticed Nessos
  3380 | Lair:3   | Reached skill level 15 in Ranged Weapons
  3400 | Lair:3   | Slain by a dream sheep

Illustrated notes

Levels and vault maps discovered:
D:1:      elethiomel_arrival_infinity_welcomes_careful_drivers,
          layout_loops_corners, basic_ecumenical_altar
D:2:      layout_loops_cross
D:3:      layout_loops_ring, chequers_serial_rivers_room_a,
          minmay_misc_feat_pillars, hangedman_abyss_or_decor_stabs
D:4:      layout_cave_pools, nemelex_spade_bored_becter,
          grunt_temple_overflow_champion_of_chaos, nicolae_uskayaw_suspiria,
          minmay_temple_entry_waves, dk_noncrumbling_2, nicolae_elemental_shop,
          uniq_duvessa, uniq_eustachio
D:5:      layout_basic, nicolae_sif_muna_condensation, uniq_sigmund
D:6:      layout_basic, lemuel_coloured_pillars_altar,
          mainiacjoe_overflow_alcove_1, nicolae_vehumet_radiance
D:7:      layout_rooms, bloody_trog, kennysheep_vampire_church,
          cheibrodos_worm_habitat, enter_bailey_3, grunt_decor_resistance,
          corexii_leaking_fountain, minmay_shop_damaged, uniq_pikel
D:8:      minmay_evil_eye, layout_basic, uniq_grum
D:9:      layout_basic, nzn_wu_jian_council_hall, nicolae_ru_awakened_eye,
          worldfamousw_hep_ancestral_shrine, dreamdust_wishing_well,
          uniq_maurice
D:10:     layout_loops_ring, grunt_dithmenos_smoke, erik_orc_1,
          gammafunk_ghost_grave, serial_demonic, serial_demonic_a,
          serial_demonic_a, serial_demonic_f, serial_demonic_c,
          minmay_chambers_of_fives
D:11:     layout_roguey, erik_lair_island
Temple:   hellmonk_temple_beads
Lair:1:   layout_loops_ring, basic_altar, chequers_serial_rivers_room_b,
          guppyfry_lair_drakes, grunt_megastairs_3
Lair:2:   layout_regular_city, dummy_spider_entry, forest_entry_grove,
          uniq_gastronok, uniq_fannar
Lair:3:   layout_cellular_growth, minmay_swamp_entry_worms,
          infiniplex_staircase_pool_2, uniq_nessos

Skill      XL: |  1  2  3  4  5  6  7  8  9 10 11 12 |
---------------+-------------------------------------+-----
Poison Magic   | 1 |  1.3
Fighting       | 3 4 5 7 8 10 11 | 11.2
Maces & Flails | 5 6 8 |  8.5
Invocations    | 1 2 3 5 7 |  7.1
Throwing       | 3 4 5 |  5.4
Ranged Weapons | 3 7 10 12 15 | 15.2
Dodging        | |  3.6

Action                   |  1- 3 |  4- 6 |  7- 9 | 10-12 || total
-------------------------+-------+-------+-------+-------++-------
Melee: Flail             |    53 |    82 |   219 |       ||   354
       Punch             |       |     2 |     6 |       ||     8
 Fire: Hand crossbow     |       |       |    33 |   340 ||   373
Throw: Throwing net      |     1 |     4 |       |       ||     5
       Dart              |       |       |     7 |       ||     7
       Javelin           |       |       |     2 |       ||     2
Invok: Heroism           |       |     2 |     7 |    10 ||    19
       Finesse           |       |       |       |     4 ||     4
Evoke: Lightning rod     |       |       |       |     2 ||     2
  Use: Scroll            |     3 |     1 |     3 |     4 ||    11
       Potion            |     1 |     3 |     2 |     3 ||     9
 Stab: Distracted        |       |       |     1 |       ||     1
Armor: Leather armour    |    30 |     3 |       |       ||    33
       Ring mail         |       |    21 |       |       ||    21
       Scale mail        |       |     4 |    97 |       ||   101
       Swamp dragon scal |       |       |    10 |   161 ||   171
Dodge: Dodged            |    40 |    55 |   147 |   170 ||   412
